Map: Nightshade LE

Players

antagomiR - Winner!

  • Race: Protoss Protoss
  • League: Gold
  • Spawn Location: 11:00

perach

  • Race: Terran Terran
  • League: Silver
  • Spawn Location: 5:00

VOD

Have the link to the VOD?

Description

Time

  • Played on: April 5, 2020, 12:51 p.m.
  • Length: 15:55
Show
View Real Time Build Order
Export as new Build Order

antagomiR Protoss - Winner!

Build Orders: Archon Immortal 

Get SALT Encoding   

  12  0:01  Probe  
  13  0:13  Probe  
  14  0:18  Pylon  
  14  0:25  Probe  
  15  0:38  Gateway  
  15  0:42  Probe  
  16  0:54  Probe  
  16  0:56  Assimilator  
  17  1:06  Probe  
  18  1:18  Probe  
  19  1:29  Cybernetics Core  
  19  1:35  Assimilator  
  19  1:37  Probe  
  19  1:49  Probe  
  20  1:55  Pylon  
  20  1:59  Warp Gate (Chrono Boost)  
  20  2:01  Probe  
  21  2:09  Adept  
  21  2:13  Probe  
  24  2:20  Robotics Facility  
  24  2:25  Probe  
  25  2:37  Probe  
  25  2:41  Adept  
  28  2:52  Nexus  
  28  2:55  Pylon  
  28  3:06  Probe  
  28  3:12  Observer  
  30  3:15  Shield Battery  
  30  3:18  Probe  
  31  3:30  Probe  
  31  3:33  Observer  
  33  3:35  Gateway x2  
  33  3:42  Probe  
  33  3:48  Pylon  
  34  3:54  Probe  
  35  4:12  Probe x2  
  37  4:23  Sentry  
  39  4:24  Probe x2, Twilight Council  
  41  4:36  Probe x2, Sentry  
  41  4:37  Sentry  
  47  4:48  Probe  
  47  4:49  Probe  
  49  4:54  Pylon  
  49  4:56  Pylon  
  49  5:00  Probe  
  49  5:01  Probe  
  51  5:08  Sentry  
  51  5:09  Adept  
  51  5:11  Immortal (Chrono Boost), Sentry  
  51  5:13  Probe x2  
  63  5:25  Probe, Charge  
  64  5:29  Pylon  
  64  5:35  Probe  
  65  5:37  Probe  
  65  5:39  Forge  
  66  5:47  Probe, Shield Battery  
  67  5:53  Probe  
  68  5:59  Probe  
  69  6:05  Probe  
  69  6:06  Assimilator  
  69  6:08  Assimilator, Stalker x2  
  74  6:11  Probe  
  74  6:12  Immortal  
  74  6:17  Probe  
  76  6:24  Probe  
  71  6:26  Protoss Ground Weapons Level 1 (Chrono Boost)  
  71  6:29  Probe  
  70  6:36  Probe  
  71  6:41  Probe  
  72  6:48  Probe  
  72  6:52  Immortal  
  77  6:56  Photon Cannon  
  77  7:01  Photon Cannon, Zealot  
  77  7:02  Zealot x2  
  83  7:18  Gateway  
  83  7:19  Gateway  
  83  7:21  Gateway  
  83  7:23  Gateway  
  83  7:24  Templar Archives  
  83  7:29  Zealot  
  85  7:34  Probe  
  86  7:41  Pylon  
  86  7:42  Phoenix  
  86  7:49  Pylon  
  86  7:51  Pylon  
  86  7:59  Probe x2, Immortal  
  92  8:11  Probe x2  
  94  8:14  Sentry  
  94  8:15  Zealot x4  
  104  8:23  Probe  
  104  8:24  Probe  
  106  8:35  Probe  
  106  8:37  Probe  
  108  8:45  High Templar  
  110  8:59  Nexus  
  110  9:00  Psionic Storm  
  110  9:02  Pylon  
  110  9:04  Pylon  
  110  9:11  Protoss Ground Weapons Level 2 (Chrono Boost)  
  110  9:13  Pylon  
  110  9:15  Pylon  
  110  9:19  Pylon  
  110  9:20  Probe x2  
  110  9:22  Shield Battery  
  112  9:24  Shield Battery  
  112  9:32  Probe  
  113  9:38  High Templar  
  113  9:39  High Templar x2  
  113  9:41  High Templar x3  
  113  9:42  High Templar  
  113  9:44  Archon  
  113  9:45  Archon x2  
  127  9:46  Archon  
  117  10:16  High Templar  
  117  10:17  High Templar  
  121  10:23  Probe x2  
  123  10:30  Photon Cannon  
  123  10:34  Photon Cannon, Assimilator  
  123  10:35  Probe, Photon Cannon  
  124  10:36  Assimilator  
  124  10:39  Zealot x2  
  124  10:40  Zealot x3  
  134  11:09  Zealot x2  
  134  11:11  High Templar x3  
  140  11:12  High Templar  
  140  11:14  Zealot  
  148  11:25  Gateway x2  
  148  11:27  Gateway  
  148  11:29  Gateway  
  148  11:31  Gateway  
  148  11:32  Immortal  
  152  11:34  Protoss Ground Armor Level 1 (Chrono Boost)  
  152  11:41  Archon  
  152  11:42  Archon  
  152  12:04  Probe x2  
  152  12:08  Probe  
  155  12:11  Immortal  
  159  12:16  Probe x2  
  159  12:20  Probe  
  162  12:26  Pylon  
  162  12:28  Probe x2  
  162  12:29  Pylon  
  164  12:32  Pylon  
  164  12:34  Pylon  
  164  12:36  Pylon  
  164  12:50  Warp Prism  
  166  12:53  High Templar x3  
  166  12:54  High Templar x2  
  166  12:55  High Templar  
  166  12:56  High Templar  
  166  12:58  Nexus  
  180  12:59  Zealot x2  
  180  13:00  Zealot x3  
  180  13:01  Pylon  
  180  13:02  Archon  
  180  13:03  Archon x2, Pylon  
  190  13:31  Zealot x5  
  200  13:53  Shield Battery  
  200  13:54  Shield Battery  
  200  13:57  Photon Cannon  
  200  14:01  Photon Cannon  
  200  14:04  Archon  
  200  14:05  Photon Cannon  
  200  14:07  Photon Cannon  
  200  14:16  Assimilator  
  200  14:18  Assimilator  
  158  15:21  Zealot x2  
  158  15:22  Zealot x3  
  158  15:39  High Templar x3  
  158  15:40  High Templar x4  
  168  15:43  Archon x2  
  168  15:44  Archon  
Show
View Real Time Build Order
Export as new Build Order

perach Terran 

Build Orders:  

Get SALT Encoding   

  12  0:01  SCV  
  13  0:13  SCV  
  14  0:19  Supply Depot  
  14  0:25  SCV  
  15  0:30  Refinery  
  15  0:40  SCV  
  16  0:44  Refinery  
  16  0:54  Barracks  
  17  0:57  SCV  
  17  1:13  Barracks  
  17  1:14  SCV  
  18  1:32  SCV  
  19  1:42  Supply Depot  
  19  1:44  SCV  
  20  1:47  Barracks Tech Lab  
  20  1:56  SCV  
  21  2:03  Barracks Reactor  
  21  2:07  Factory  
  21  2:08  SCV  
  22  2:24  SCV  
  22  2:27  Concussive Shells  
  23  2:30  Marauder  
  25  2:37  Barracks  
  25  2:42  SCV  
  25  3:07  Factory Reactor  
  25  3:12  Starport  
  25  3:14  Marine x2  
  25  3:15  Marine  
  28  3:25  Orbital Command  
  28  3:32  Marine x3  
  28  3:33  Barracks Tech Lab  
  31  3:40  Supply Depot  
  31  4:01  Marine, Factory Tech Lab  
  32  4:05  Combat Shield  
  32  4:21  Command Center  
  32  4:23  Medivac  
  34  4:32  Marine x2, Marauder  
  38  4:48  Supply Depot  
  38  5:22  Supply Depot  
  38  5:28  Marauder x2  
  42  5:37  Refinery  
  42  5:39  SCV  
  43  5:46  Supply Depot  
  43  5:49  Marauder x2  
  47  5:51  SCV  
  47  5:56  Medivac x2  
  52  6:09  Supply Depot  
  44  6:44  SCV  
  44  6:46  SCV  
  46  6:47  Refinery  
  46  6:52  Siege Tank  
  49  6:56  SCV  
  49  6:58  SCV  
  49  7:00  Marauder x2  
  49  7:01  Marine  
  56  7:03  Marine  
  56  7:08  SCV  
  58  7:10  SCV  
  58  7:14  Medivac  
  61  7:18  Marine  
  61  7:20  SCV  
  64  7:22  SCV  
  64  7:24  Siege Tank  
  67  7:32  SCV, Supply Depot  
  67  7:35  SCV  
  69  7:39  Medivac  
  69  7:43  Marauder  
  69  7:44  Marine x2, Medivac  
  78  7:52  Orbital Command  
  78  7:55  Marine, Supply Depot  
  78  8:01  Marine  
  78  8:02  Marine  
  80  8:09  Medivac  
  82  8:19  SCV, Supply Depot  
  83  8:20  SCV  
  84  8:31  SCV  
  84  8:32  SCV  
  86  8:44  SCV x2, Viking x2  
  92  8:49  Marine, Marauder x2  
  92  8:50  Marine  
  98  8:56  SCV x2  
  100  9:07  Marine x2  
  102  9:10  Marauder  
  104  9:19  Marauder  
  104  9:21  Command Center  
  106  9:25  Marine  
  106  9:27  Engineering Bay  
  106  9:29  Engineering Bay  
  107  9:32  Marauder  
  109  9:55  Marauder  
  73  10:20  Terran Infantry Weapons Level 1  
  72  10:22  Terran Infantry Armor Level 1  
  72  10:29  Ghost Academy  
  72  10:42  Barracks x2  
  72  10:44  Siege Tank  
  72  10:45  Barracks  
  72  10:49  SCV  
  76  10:55  Refinery  
  76  10:58  Medivac x2  
  76  11:01  SCV  
  81  11:09  Supply Depot  
  81  11:11  Supply Depot  
  81  11:13  SCV  
  81  11:16  Siege Tank  
  85  11:21  SCV  
  85  11:22  SCV  
  87  11:26  SCV  
  87  11:28  Medivac x2  
  92  11:33  SCV, Supply Depot  
  92  11:34  SCV, Barracks, Barracks Reactor x2  
  92  11:36  Barracks Tech Lab  
  92  11:38  SCV  
  95  11:42  Refinery  
  95  11:46  SCV  
  96  11:47  SCV  
  96  11:48  Siege Tank  
  96  11:50  SCV  
  101  11:58  SCV, Medivac, Marauder  
  101  11:59  SCV, Marauder  
  101  12:00  Marine x2  
  111  12:02  SCV  
  112  12:18  Marine x2  
  112  12:19  Marauder, Ghost  
  112  12:20  Marine x5, Marauder, Siege Tank  
  128  12:26  Medivac  
  128  12:28  Medivac  
  131  12:36  Marine x2  
  120  12:37  Marine  
  120  12:38  Marine x4  
  120  12:40  Marauder, Ghost  
  127  12:48  Ghost  
  129  12:52  Siege Tank  
  129  12:54  Marine x2  
  134  13:10  Supply Depot  
  134  13:31  Marine x4, Ghost x2  
  134  13:33  Command Center  
  142  13:34  Supply Depot  
  142  13:55  Marine x7  
  142  13:56  Supply Depot  
  149  14:13  Supply Depot  
  149  14:15  SCV  
  150  14:17  Ghost  
  150  14:18  SCV, Marauder x2  
  150  14:22  Supply Depot  
  157  14:27  SCV  
  158  14:35  SCV  
  158  14:36  Supply Depot  
  159  14:39  SCV  
  159  14:40  Marauder x2  
  164  14:47  SCV, Marauder  
  164  14:52  SCV, Marine  
  168  14:53  Marine  
  168  14:58  Supply Depot  
  168  14:59  SCV  
  171  15:01  Marauder x2  
  171  15:04  SCV  
  174  15:07  Ghost  
  107  15:21  Ghost x2  
Tags
 
Composition
Archon Immortal
Matchup
PvT
Replay Pack
20200422
Spawn Locations
Cross Positions
Add a new tag
Caveats
  • Supply blocks, unpowered buildings, or Contaminate may cause inaccurate times.
  • Supply counts are checked every 10 seconds.